 Dungeon Crawl Stone Soup version 0.30-a0-12-gd8047c6341 (webtiles) character file.

Game seed: 4984614404764087719

10244 Sobieck the Slicer (level 11, -9/56 HPs)
             Began as a Vine Stalker Delver on Aug 23, 2022.
             Was a Believer of Uskayaw.
             Mangled by a boulder beetle (34 damage)
             ... on level 11 of the Dungeon.
             The game lasted 00:25:51 (10541 turns).

Sobieck the Slicer (Vine Stalker Delver)           Turns: 10541, Time: 00:25:52

Health: -9/56      AC: 10    Str: 14    XL:     11   Next: 59%
Magic:  0/17       EV: 12    Int: 10    God:    Uskayaw [**....]
Gold:   510        SH:  0    Dex: 21    Spells: 16/16 levels left

rFire   . . .      SeeInvis +    a - +2 short sword (flame) {short}
rCold   . . .      Faith    .    (no shield)
rNeg    . . .      Spirit   +    i - quicksilver dragon scales {rare}
rPois   .          Reflect  .    (no helmet)
rElec   .          Harm     .    B - scarf {shadows}
rCorr   .          Rampage  .    (no gloves)
Will    ++...                    R - +0 pair of boots
Stlth   ++++......               (no amulet)
HPRegen 0.98/turn                G - ring of see invisible
MPRegen 0.15/turn                r - +4 ring of slaying

@: no status effects
A: fangs 3, regeneration 1, magic shield, antimagic bite, no potion heal 2
a: Renounce Religion, Stomp, Line Pass


You were on level 11 of the Dungeon.
You worshipped Uskayaw.
Uskayaw was noncommittal.
You visited 2 branches of the dungeon, and saw 12 of its levels.

You collected 510 gold pieces.


Innate Abilities, Weirdness & Mutations

You have razor-sharp teeth.
Your natural rate of healing is unusually fast.
When hurt, damage is shared between your health and your magic reserves.
Your bite disrupts and absorbs the magic of your enemies.
Potions cannot restore your health.


   Skills:
 + Level 5.8 Fighting
 + Level 9.5 Short Blades
 * Level 8.3 Ranged Weapons
 + Level 3.1 Dodging
 - Level 8.0 Stealth
 + Level 3.4 Spellcasting
 + Level 4.5 Invocations
 - Level 6.0 Evocations


You had 16 spell levels left.
You didn't know any spells.
Your spell library contained the following spells:

 Spells                   Type           Power      Damage    Failure   Level
 Necrotise                Necr           4%         1d4       50%         1
 Sandblast                Erth           2%         2d4       50%         1
 Scorch                   Fire           2%         2d5       63%         2
 Stone Arrow              Conj/Erth      2%         3d7       86%         3
 Swiftness                Air            1%         N/A       86%         3
 Vampiric Draining        Necr           1%         2d6       86%         3
 Flame Wave               Conj/Fire      1%         2d4       99%         4
 Agony                    Necr           1%         N/A       100%        5
 Silence                  Hex/Air        0%         N/A       100%        5
 Summon Cactus Giant      Summ           0%         N/A       100%        6

Inventory:

Hand Weapons
 a - a +2 short sword of flaming (weapon) {short}
   (You took it off a kobold brigand on level 8 of the Dungeon)
 b - a +1 shortbow of freezing {bow}
   (You took it off an orc on level 10 of the Dungeon)
 U - a +1 whip of pain {mace}
   (You took it off an orc on level 10 of the Dungeon)
 X - a +0 dagger of draining {short}
   (You took it off a kobold on level 4 of the Dungeon)
Missiles
 k - 110 stones {throwing}
 p - 35 poisoned darts (quivered) {throwing}
 w - a curare-tipped dart {=fthrowing}
 x - 7 javelins {throwing}
 J - 13 boomerangs {throwing}
Armour
 i - quicksilver dragon scales (worn) {rare}
   (You found it on level 5 of the Dungeon)
 s - a +0 helmet
   (You took it off Robin on level 4 of the Dungeon)
 B - a scarf of shadows (worn)
   (You found it on level 4 of the Dungeon)
 C - a +0 ring mail
   (You took it off an orc on level 6 of the Dungeon)
 P - a +1 helmet
   (You found it on level 9 of the Dungeon)
 R - a +0 pair of boots (worn)
   (You found it on level 10 of the Dungeon)
 S - a +10 plate armour of ponderousness
   (You took it off an orc warrior on level 11 of the Dungeon)
 Y - a +0 ring mail
   (You took it off an orc on level 7 of the Dungeon)
 Z - a +0 robe
   (You took it off an orc wizard on level 7 of the Dungeon)
Jewellery
 r - a +4 ring of slaying (right hand)
   (You acquired it on level 8 of the Dungeon)
 G - a ring of see invisible (left hand)
   (You found it on level 2 of the Dungeon)
 I - a ring of wizardry
   (You found it on level 3 of the Dungeon)
 N - a ring of positive energy
   (You found it on level 3 of the Dungeon)
Wands
 g - a wand of digging (3)
 o - a wand of flame (55)
   (You found it on level 6 of the Dungeon)
 A - a wand of mindburst (20)
   (You found it on level 5 of the Dungeon)
 K - a wand of light (14)
   (You found it on level 5 of the Dungeon)
 T - a wand of polymorph (11)
   (You found it on level 3 of the Dungeon)
Scrolls
 c - a scroll of fog
 d - 2 scrolls of magic mapping {!r}
 e - 2 scrolls of fear
 l - 2 scrolls of enchant weapon
 m - a scroll of poison {unknown}
 n - 2 scrolls of vulnerability {!r!r}
 q - 3 scrolls of teleportation {@r4}
 t - a scroll of immolation {!r!r}
 v - a scroll of butterflies
 E - a scroll of noise {!r}
 W - 2 scrolls of enchant armour
Potions
 f - 5 potions of haste {@q3}
 h - 3 potions of lignification {!q}
 j - 9 potions of curing {@q1}
 u - 2 potions of attraction {!q}
 y - a potion of mutation {!q}
 z - a potion of might
 D - 2 potions of cancellation
 F - a potion of ambrosia
 H - 2 potions of flight
 L - a potion of heal wounds {@q2}
 M - a potion of resistance
 O - a potion of invisibility
 Q - a potion of brilliance
 V - a potion of magic

Dungeon Overview and Level Annotations

Branches:
Dungeon (11/15) Zot: 26285  Temple (1/1) D:4 Zot: 5933    Lair (0/5) D:11
    Orc: D:9-12

Altars:
Cheibriados
Dithmenos
Elyvilon
Fedhas
Hepliaklqana
Kikubaaqudgha
Makhleb
Nemelex Xobeh
Okawaru
Ru
Sif Muna
Trog
Uskayaw
Wu Jian
Xom
Zin
The Shining One

Shops:
D:8 :

Annotations:
D:10 1 runed translucent door, Newt's ghost, journeyman DsGl
D:11 exclusion: 2 oklob plants

#... ....#
.........#... ......
.........#..## ..####
............'.
............#
............#
.........##.#
....°°B@....#
########....#
#....#.'....# ######
# #....#.#....#
#..... #.
#.####.#.......
#.#..#
##'###.####.#.....##
#.#..#
...>........#.....#
#.....
#.............#.....#
#.....
#.............#......
#####.


You could see a boulder beetle (rolling).


Message History

There is a stone staircase leading down here.
The boulder beetle closely misses you.
You hit the boulder beetle but do no damage.
Your bite misses the boulder beetle. You hit the boulder beetle.
You burn the boulder beetle. You bite the boulder beetle! You drain its power.
The boulder beetle barely misses you.
You hit the boulder beetle but do no damage.
You bite the boulder beetle, but do no damage.
You hit the boulder beetle but do no damage.
You bite the boulder beetle, but do no damage.
The boulder beetle bites you!
You hit the boulder beetle but do no damage.
Your punch misses the boulder beetle. Your bite misses the boulder beetle.
The boulder beetle bites you but does no damage.
You hit the boulder beetle but do no damage.
You bite the boulder beetle, but do no damage.
You barely miss the boulder beetle. You bite the boulder beetle.
You drain its power.
You feel invigorated.
The boulder beetle bites you but does no damage.
You hit the boulder beetle but do no damage.
Your bite misses the boulder beetle.
The boulder beetle leaps!
The boulder beetle leaps!
There is a stone staircase leading down here.
Your +2 short sword of flaming {short} stops flaming.
Your +1 shortbow of freezing {bow} is covered in frost.
b - a +1 shortbow of freezing (weapon)
{bow} You shoot an arrow.
The arrow hits the boulder beetle but does no damage.
You shoot an arrow. The arrow hits the boulder beetle.
The arrow freezes the boulder beetle.
You shoot an arrow. The arrow hits the boulder beetle.
The arrow freezes the boulder beetle.
The boulder beetle bites you but does no damage.
You can now pass through a line of other dancers.
Your +1 shortbow of freezing {bow} stops glowing.
Your +2 short sword of flaming {short} bursts into flame!
a - a +2 short sword of flaming (weapon)
{short} You hit the boulder beetle but do no damage.
You bite the boulder beetle, but do no damage.
The boulder beetle bites you!
You hit the boulder beetle but do no damage.
You hit the boulder beetle. You burn the boulder beetle.
You bite the boulder beetle, but do no damage.
The boulder beetle bites you but does no damage.
You hit the boulder beetle but do no damage.
You bite the boulder beetle, but do no damage.
The boulder beetle bites you!!
You are too injured to fight recklessly!
You are too injured to fight recklessly!
You are too injured to fight recklessly!
You hit the boulder beetle but do no damage.
You hit the boulder beetle but do no damage.
You punch the boulder beetle, but do no damage.
The boulder beetle bites you!!
* * * LOW HITPOINT WARNING * * *
You hit the boulder beetle but do no damage.
You bite the boulder beetle! You drain its power.
You feel invigorated. The boulder beetle closely misses you.
You hit the boulder beetle but do no damage.
You bite the boulder beetle. You drain its power.
You hit the boulder beetle but do no damage.
You punch the boulder beetle, but do no damage.
You bite the boulder beetle, but do no damage.
The boulder beetle completely misses you.
You hit the boulder beetle but do no damage.
The boulder beetle misses you.
You barely miss the boulder beetle. Your bite misses the boulder beetle.
You hit the boulder beetle but do no damage.
Your bite misses the boulder beetle.
The boulder beetle leaps!
Unknown command.
Your +2 short sword of flaming {short} stops flaming.
Your +1 shortbow of freezing {bow} is covered in frost.
b - a +1 shortbow of freezing (weapon)
{bow} Fire: b) +1 shortbow (freeze) {bow}
Press: ? - help, Q - select action, (/) - cycle Shift-Dir - straight line, f/p - boulder beetle
Aim: a boulder beetle (heavily wounded, 92% to hit)
You shoot an arrow.
The arrow hits the boulder beetle but does no damage.
The boulder beetle curls into a ball and begins rolling!
Fire: b) +1 shortbow (freeze) {bow}
Press: ? - help, Q - select action, (/) - cycle Shift-Dir - straight line, f/p - boulder beetle
Aim: a boulder beetle (heavily wounded, rolling, 92% to hit)
You shoot an arrow.
The arrow hits the boulder beetle but does no damage.
Fire: b) +1 shortbow (freeze) {bow}
Press: ? - help, Q - select action, (/) - cycle Shift-Dir - straight line, f/p - boulder beetle
Aim: a boulder beetle (heavily wounded, rolling, 92% to hit)
You shoot an arrow.
The arrow hits the boulder beetle but does no damage.
Fire: b) +1 shortbow (freeze) {bow}
Press: ? - help, Q - select action, (/) - cycle Shift-Dir - straight line, f/p - boulder beetle
Aim: a boulder beetle (heavily wounded, rolling, 92% to hit)
Okay, then.
Your +1 shortbow of freezing {bow} stops glowing.
Your +2 short sword of flaming {short} bursts into flame!
a - a +2 short sword of flaming (weapon)
{short} The boulder beetle hits you!!!
Ouch! That really hurt!
You die...

Skill      XL: |  1  2  3  4  5  6  7  8  9 10 11 |
---------------+----------------------------------+-----
Short Blades   | 2 3 4 5 7 8 9 |  9.5
Fighting       | 3 4 5 |  5.8
Spellcasting   | 1 2 3 |  3.4
Evocations     | 1 2 3 4 5 6 |  6.0
Stealth        | 7 8 |  8.0
Ranged Weapons | 2 7 8 |  8.3
Invocations    | 3 4 |  4.5
Dodging        | 2 3 |  3.1

Action                   |  1- 3 |  4- 6 |  7- 9 | 10-12 || total
-------------------------+-------+-------+-------+-------++-------
Melee: Short sword       |    99 |   167 |   336 |   157 ||   759
       Bite              |    22 |    48 |   111 |    70 ||   251
       Punch             |     1 |     1 |     1 |     3 ||     6
 Fire: Sling             |       |    68 |     9 |       ||    77
       Shortbow          |       |       |    66 |    40 ||   106
Throw: Stone             |       |     1 |       |       ||     1
       Dart              |       |       |     2 |       ||     2
Invok: Line Pass         |       |       |     1 |       ||     1
  Use: Scroll            |       |    11 |    12 |     4 ||    27
       Potion            |       |       |     2 |     1 ||     3
 Stab: Sleeping          |     5 |     9 |     7 |     8 ||    29
       Distracted        |       |     1 |     1 |       ||     2
       Paralysed         |       |       |    11 |    11 ||    22
       Invisible         |       |       |       |     2 ||     2
Armor: Quicksilver drago |    53 |    84 |   120 |    38 ||   295
Dodge: Dodged            |    53 |    94 |   163 |    50 ||   360

Levels and vault maps discovered:
D:1:      saegor_arrival_simple_e, layout_basic,
          shapermc_ecumenical_altar_ellora
D:2:      layout_loops_corners, kennysheep_cross_bottleneck
D:3:      layout_basic, chequers_arboretum, kennysheep_generic_room_9,
          uniq_robin
D:4:      layout_basic, minmay_temple_entry_antechambers
D:5:      layout_gridville
D:6:      layout_basic, uniq_grinder, uniq_menkaure
D:7:      kennysheep_kobold_camp, layout_rooms
D:8:      layout_rooms, serial_shops, nicolae_shop_trees, minmay_parallelograms
D:9:      layout_loops_ring, chequers_temple_overflow_statue_of_worship
D:10:     layout_loops_corners, led_xom_imps, ebering_ghost_funeral_grove,
          uniq_gastronok
D:11:     layout_stronghold, dpeg_oklobed_lair, uniq_grum
Temple:   mainiacjoe_temple_coin_purse

Notes
Turn   | Place    | Note
-------+----------+-------------------------------------------
     0 | D:5      | Sobieck the Vine Stalker Delver began the quest for the
                  | Orb.
     0 | D:5      | Reached XP level 1. HP: 11/11 MP: 2/2
    29 | D:5      | i - quicksilver dragon scales {rare}
    41 | D:5      | You finish putting on your quicksilver dragon scales
                  | {rare}.
    46 | D:5      | You finish taking off your quicksilver dragon scales
                  | {rare}.
    61 | D:5      | You finish putting on your quicksilver dragon scales
                  | {rare}.
   133 | D:5      | Reached skill level 2 in Short Blades
   133 | D:5      | Reached XP level 2. HP: 14/16 MP: 3/3
   618 | D:3      | Reached XP level 3. HP: 17/19 MP: 3/5
   824 | D:3      | Noticed Robin
   901 | D:4      | Killed Robin
   902 | D:4      | Reached skill level 3 in Fighting
   902 | D:4      | Reached skill level 1 in Spellcasting
   908 | D:4      | Reached skill level 1 in Evocations
  1197 | D:2      | Gained mutation: Your natural rate of healing is unusually
                  | fast. [Vine Stalker growth]
  1197 | D:2      | Reached XP level 4. HP: 24/24 MP: 6/6
  1800 | D:1      | Found a faded altar of an unknown god.
  3032 | D:3      | Reached skill level 3 in Short Blades
  3032 | D:3      | Reached XP level 5. HP: 28/28 MP: 7/7
  3724 | D:4      | You pick up a book of Necromancy and begin reading...
  3724 | D:4      | You add the spells Necrotise, Vampiric Draining and Agony
                  | to your library.
  3728 | D:4      | You pick up a book of Necromancy and begin reading...
  4214 | D:4      | Reached skill level 2 in Evocations
  4214 | D:4      | Reached XP level 6. HP: 31/32 MP: 4/8
  4389 | D:4      | Reached skill level 4 in Short Blades
  4389 | D:4      | Reached skill level 7 in Stealth
  4474 | D:4      | You fall into a shaft and drop 3 floors!
  4521 | D:7      | Reached XP level 7. HP: 24/37 MP: 7/9
  4541 | D:7      | Reached skill level 4 in Fighting
  4748 | D:6      | Reached skill level 3 in Evocations
  4754 | D:6      | HP: 9/37 [poisoned by a scorpion]
  4823 | D:6      | Reached skill level 5 in Short Blades
  4849 | D:6      | Noticed Menkaure
  4861 | D:6      | Killed Menkaure
  4862 | D:6      | Gained mutation: You have razor-sharp teeth. [Vine Stalker
                  | growth]
  4862 | D:6      | Reached XP level 8. HP: 26/42 MP: 10/10
  4901 | D:6      | Noticed Grinder
  5107 | D:4      | Found a staircase to the Ecumenical Temple.
  5115 | Temple   | Entered the Ecumenical Temple
  5169 | Temple   | Became a worshipper of Uskayaw the Reveller
  5406 | D:5      | Reached * piety under Uskayaw
  5407 | D:5      | Reached skill level 8 in Stealth
  5461 | D:5      | Reached ** piety under Uskayaw
  5728 | D:5      | U - quicksilver dragon scales {rare}
  6005 | D:6      | Reached *** piety under Uskayaw
  6006 | D:6      | Killed Grinder
  6007 | D:6      | Reached skill level 5 in Fighting
  6007 | D:6      | Reached skill level 6 in Short Blades
  6007 | D:6      | Reached skill level 4 in Evocations
  6614 | D:7      | Reached skill level 7 in Short Blades
  6662 | D:7      | Reached XP level 9. HP: 47/47 MP: 11/11
  6821 | D:7      | Reached **** piety under Uskayaw
  7175 | D:8      | Reached skill level 5 in Evocations
  7184 | D:8      | HP: 11/47 [poisoned by a killer bee]
  7184 | D:8      | HP: 5/47 [killer bee (5)]
  7196 | D:8      | HP: 8/47 [killer bee (5)]
  7201 | D:7      | HP: 6/47 [poisoned by a killer bee]
  7206 | D:7      | HP: 6/47 [poisoned by a killer bee]
  7437 | D:8      | Reached skill level 1 in Ranged Weapons
  7437 | D:8      | Reached skill level 1 in Invocations
  7549 | D:8      | HP: 11/47 [poisoned by an orc priest]
  7550 | D:8      | Reached skill level 8 in Short Blades
  7554 | D:8      | HP: 5/47 [poisoned by an orc priest]
  7559 | D:8      | HP: 5/47 [poisoned by an orc priest]
  7709 | D:8      | Identified a scroll of acquirement
  7710 | D:8      | Acquired a +4 ring of slaying
  7804 | D:8      | Found Pufoviun's Book Shoppe.
  8019 | D:9      | Reached skill level 2 in Invocations
  8323 | D:9      | Reached skill level 2 in Ranged Weapons
  8413 | D:9      | Found an ornate altar of the Wu Jian Council.
  8413 | D:9      | Found a burning altar of Makhleb.
  8445 | D:9      | Found a shadowy altar of Dithmenos.
  8516 | D:9      | Reached skill level 3 in Invocations
  8516 | D:9      | Reached XP level 10. HP: 51/51 MP: 11/13
  8521 | D:9      | Reached skill level 3 in Ranged Weapons
  8524 | D:9      | Reached skill level 9 in Short Blades
  8524 | D:9      | Reached skill level 6 in Evocations
  8524 | D:9      | Reached ***** piety under Uskayaw
  8622 | D:9      | Reached skill level 4 in Ranged Weapons
  8848 | D:10     | Entered Level 10 of the Dungeon
  8875 | D:10     | Found a runed translucent door.
  8883 | D:10     | Noticed Newt's ghost (journeyman DsGl)
  8886 | D:10     | Identified the +1 trident of Internal Strife {freeze, Will+
                  | rCorr Dex+4}
  9139 | D:10     | Reached skill level 5 in Ranged Weapons
  9157 | D:10     | Noticed Gastronok
  9166 | D:10     | Killed Gastronok
  9167 | D:10     | Reached skill level 7 in Ranged Weapons
  9211 | D:10     | Reached skill level 2 in Dodging
  9222 | D:10     | You add the spells Sandblast, Swiftness, Stone Arrow and
                  | Silence to your library.
  9222 | D:10     | Got the Precepts of the Aerial Quarry
  9257 | D:10     | Reached skill level 2 in Spellcasting
  9257 | D:10     | Reached XP level 11. HP: 53/56 MP: 12/15
  9289 | D:10     | You drop quicksilver dragon scales {rare}.
  9453 | D:10     | Found a shimmering altar of Xom.
  9704 | D:10     | You pick up a book of Scorching and begin reading...
  9704 | D:10     | You add the spells Scorch, Flame Wave and Summon Cactus
                  | Giant to your library.
  9812 | D:11     | Noticed a cyclops
  9818 | D:11     | Killed a cyclops
  9874 | D:11     | Noticed a boulder beetle
  9887 | D:11     | HP: 7/56 [boulder beetle (18)]
  9895 | D:11     | HP: 8/56 [boulder beetle (7)]
  9896 | D:11     | Killed a boulder beetle
  9897 | D:11     | Reached skill level 4 in Invocations
 10139 | D:11     | Noticed a two-headed ogre
 10150 | D:11     | Killed a two-headed ogre
 10151 | D:11     | Reached skill level 8 in Ranged Weapons
 10151 | D:11     | Reached skill level 3 in Spellcasting
 10198 | D:11     | Noticed a boulder beetle
 10210 | D:11     | Killed a boulder beetle
 10211 | D:11     | Reached skill level 3 in Dodging
 10446 | D:11     | Found a staircase to the Lair.
 10446 | D:11     | Noticed an oklob plant
 10451 | D:11     | Noticed an oklob plant
 10508 | D:11     | Noticed a boulder beetle
 10541 | D:11     | Mangled by a boulder beetle

Vanquished Creatures
  Gastronok (D:10)
  2 boulder beetles (D:11)
  A two-headed ogre (D:11)
  A cyclops (D:11)
  2 unseen horrors
  A hornet (D:10)
  Grinder (D:6)
  A wraith (D:10)
  12 yaks
  A vampire (D:11)
  A wyvern (D:9)
  A steam dragon (D:10)
  Menkaure (D:6)
  2 acid dragons
  3 orc warriors
  2 ice beasts
  An ogre (D:6)
  2 centaurs
  2 phantoms
  3 bullfrogs
  A gnoll sergeant (D:6)
  4 kobold brigands
  5 scorpions
  2 necrophages
  15 killer bees
  3 howler monkeys
  2 crimson imps (D:10)
  3 hounds
  A jelly (D:4)
  4 orc priests
  10 orc wizards
  Robin (D:4)
  5 gnolls
  4 adders
  A worm (D:4)
  2 dart slugs
  35 orcs
  5 ball pythons
  9 endoplasms
  3 giant cockroaches
  9 goblins
  11 hobgoblins
  11 jackals
  3 quokkas
  3 bats
  6 frilled lizards
  38 kobolds
  7 rats
244 creatures vanquished.

Vanquished Creatures (others)
  A fungus (D:10)
  22 plants
23 creatures vanquished.

Grand Total: 267 creatures vanquished

Table legend:
 A = Non-vault XP
 B = Vault XP
 C = Vault XP percentage of total XP
 D = Non-vault monster count
 E = Vault monster count
 F = Vault count percentage of total count
                 A         B        C        D         E       F
            +---------+---------+-------+---------+---------+-------
      Total |   12371 |    2264 |  15.5 |     205 |      39 |  16.0
            +---------+---------+-------+---------+---------+-------
        D:1 |      23 |       0 |   0.0 |      14 |       0 |   0.0
        D:2 |      33 |       0 |   0.0 |      15 |       0 |   0.0
        D:3 |     122 |      19 |  13.5 |      23 |      10 |  30.3
        D:4 |     281 |      20 |   6.6 |      18 |       3 |  14.3
        D:5 |     402 |       0 |   0.0 |      15 |       0 |   0.0
        D:6 |     563 |     434 |  43.5 |      11 |       2 |  15.4
        D:7 |     676 |     116 |  14.6 |      18 |      21 |  53.8
        D:8 |     916 |       0 |   0.0 |      22 |       0 |   0.0
        D:9 |    1982 |       0 |   0.0 |      31 |       0 |   0.0
       D:10 |    3326 |    1675 |  33.5 |      26 |       3 |  10.3
       D:11 |    4047 |       0 |   0.0 |      12 |       0 |   0.0
            +---------+---------+-------+---------+---------+-------

Illustrated notes

Table legend:
 A = Kills in this place as a percentage of kills in entire the game.
 B = Kills by you in this place as a percentage of kills by you in the entire game.
 C = Kills by friends in this place as a percentage of kills by friends in the entire game.
 D = Other kills in this place as a percentage of other kills in the entire game.
 E = Experience gained in this place as a percentage of experience gained in the entire game.
 F = Experience gained in this place divided by the number of levels of this place that you have seen.
                   A       B       C       D       E      F
               +-------+-------+-------+-------+-------+----------------------
         Total | 100.0 | 100.0 |   N/A |   N/A | 100.0 | 1219.6
       Dungeon | 100.0 | 100.0 |   N/A |   N/A | 100.0 | 1330.5
               +-------+-------+-------+-------+-------+----------------------

Table legend: (Time is in decaauts)
 A = Elapsed time spent in this place.
 B = Non-inter-level travel time spent in this place.
 C = Inter-level travel time spent in this place.
 D = Time resting spent in this place.
 E = Time spent auto-exploring this place.
 F = Levels seen in this place.
 G = Mean time per level.
                   A        B        C        D        E       F      G
               +--------+--------+--------+--------+--------+-----+--------+
         Total |  10416 |  10038 |    378 |    942 |   6966 |  12 |  868.0 |
       Dungeon |  10349 |   9983 |    366 |    942 |   6932 |  11 |  940.8 |
        Temple |     66 |     54 |     12 |      0 |     34 |   1 |   66.0 |
               +--------+--------+--------+--------+--------+-----+--------+

Top non-repeatable levels by time:
     D:4: 1473 daAuts
     D:1: 1120 daAuts
     D:3: 1095 daAuts
     D:5: 933 daAuts
    D:10: 925 daAuts
     D:7: 913 daAuts
     D:2: 847 daAuts
     D:9: 830 daAuts
     D:8: 769 daAuts
     D:6: 726 daAuts
    D:11: 714 daAuts
  Temple: 66 daAuts
